 Dungeon Crawl Stone Soup version 0.22-a0-580-gd5db89c (webtiles) character file.

1567 Amnesiac the Prestidigitator (level 8, 0/36 HPs)
             Began as a Spriggan Wanderer on July 3, 2018.
             Slain by a hound (4 damage)
             ... on level 6 of the Dungeon.
             The game lasted 00:07:18 (4394 turns).

Amnesiac the Prestidigitator (Spriggan Wanderer)    Turns: 4394, Time: 00:07:19

Health: 0/36       AC:  2    Str: 10    XL:     8   Next: 59%
Magic:  16/16      EV: 15    Int: 13    God:
Gold:   185        SH:  0    Dex: 16    Spells: 9/9 levels left

rFire    . . .     SeeInvis +   a - +0 dagger
rCold    . . .     Gourm    .   (shield restricted)
rNeg     . . .     Faith    .   d - +0 robe
rPois    .         Spirit   .   (helmet restricted)
rElec    .         Reflect  .   (no cloak)
rCorr    .         Harm     .   (gloves unavailable)
MR       +....                  (boots unavailable)
Stlth    +++.......             (no amulet)
HPRegen  0.12/turn              (no ring)
MPRegen  0.15/turn              (no ring)

@: very quick
A: very small, unfitting armour, see invisible, herbivore, speed 3, slow
metabolism 2
a: no special abilities


You were on level 6 of the Dungeon.
You were full.

You visited 1 branch of the dungeon, and saw 6 of its levels.

You collected 185 gold pieces.

Inventory:

Hand Weapons
 a - a +0 dagger (weapon)
 b - a +2 whip of electrocution
 g - a cursed -2 hunting sling
Armour
 d - a +0 robe (worn)
 q - a +0 cloak
Wands
 p - a wand of polymorph (18)
 t - a wand of enslavement (16)
Scrolls
 c - 2 scrolls of teleportation {!r}
 h - a scroll of amnesia {!r, unknown}
 m - 2 scrolls of identify {!r, unknown}
 n - 2 scrolls of immolation {!r, unknown}
 s - a scroll of random uselessness {!r, unknown}
Potions
 e - a potion of heal wounds {!q, unknown}
 i - a potion of haste {!q, unknown}
 j - a potion of resistance {!q, unknown}
 k - 2 potions of curing {!q, unknown}
 l - 2 potions of mutation {!q, unknown}
 o - a potion of ambrosia {!q, unknown}
 r - a potion of agility {!q, unknown}
Comestibles
 f - 6 rations


   Skills:
 - Level 7.9 Short Blades
 + Level 5.5 Stealth
 - Level 1.3 Spellcasting
   Level 3.6 Hexes
   Level 5.3 Transmutations
 - Level 9.4 Evocations


You had 9 spell levels left.
You didn't know any spells.
Your spell library contained the following spells:

 Spells                   Type           Power        Failure   Level  Hunger
 Stone Arrow              Conj/Erth      #.....       63%         3    ####...
 Sandblast                Erth           #.....       26%         1    ##.....


Dungeon Overview and Level Annotations

Branches:
Dungeon (6/15)
 Temple: D:4-7

Altars:
Okawaru
Qazlal


Innate Abilities, Weirdness & Mutations

You are very small and have problems with some larger weapons.
You are too small for most types of armour.
You have supernaturally acute eyesight. (SInv)
You are a herbivore.
You cover ground extremely quickly.
You need to consume almost no food.


Message History

You hit the ooze but do no damage.
The ooze is heavily wounded.
The ooze hits you but does no damage.
You hit the ooze but do no damage.
The ooze is heavily wounded.
You hit the ooze.
The ooze is severely wounded.
The ooze hits you.
You hit the ooze.
The ooze is almost dead.
The ooze closely misses you.
You hit the ooze but do no damage.
The ooze is almost dead.
You hit the ooze.
The ooze is almost dead.
The ooze closely misses you.
You completely miss the ooze.
The ooze is almost dead.
You barely miss the ooze.
The ooze is almost dead.
The ooze hits you.
You hit the ooze.
You kill the ooze!
The centaur returns to its original shape as it dies.
You hit the hound.
The hound is lightly wounded.
The hound misses you.
You closely miss the hound.
The hound is lightly wounded.
The hound bites you.
* * * LOW HITPOINT WARNING * * *
You barely miss the hound.
The hound is lightly wounded.
The hound barely misses you.
You hit the hound.
The hound is moderately wounded.
The hound barely misses you.
You hit the hound but do no damage.
The hound is moderately wounded.
The hound bites you.
* * * LOW HITPOINT WARNING * * *
You hit the hound.
The hound is heavily wounded.
The hound misses you.
You hit the hound.
The hound is heavily wounded.
You closely miss the hound.
The hound is heavily wounded.
The hound closely misses you.
You closely miss the hound.
The hound is heavily wounded.
The hound misses you.
You hit the hound but do no damage.
The hound is heavily wounded.
The hound bites you.
* * * LOW HITPOINT WARNING * * *
You hit the hound but do no damage.
The hound is heavily wounded.
The hound bites you.
* * * LOW HITPOINT WARNING * * *
You barely miss the hound.
The hound is heavily wounded.
The hound bites you.
You die...

#####.###
#.# #.#
###.# #...#
####.###
..#.# #h#.#
#@#.# #.#.#
..##.#.#.#
..........#
###########


You could see a hound.

Vanquished Creatures
  Pikel (D:4)
  Sigmund (D:4)
  Edmund (D:6)
  An ice beast (D:6)
  A phantom (D:5)
  An ogre (D:6)
  Blork the orc (D:4)
  A jelly (D:5)
  2 hounds (D:6)
  A gnoll shaman (D:5)
  An iguana (D:6)
  Natasha (thrice) (D:4)
  2 orc wizards (D:5)
  4 worker ants
  2 hound skeletons (D:4)
  An adder (D:2)
  6 gnolls
  An ooze (D:6)
  A leopard gecko (D:5)
  8 orcs
  3 giant cockroaches
  A goblin (D:1)
  A ball python skeleton (D:4)
  2 bats
  2 frilled lizards
  2 kobolds
  A quokka skeleton (D:6)
  A rat (D:3)
53 creatures vanquished.

Vanquished Creatures (others)
  A worker ant (D:4)
1 creature vanquished.

Grand Total: 54 creatures vanquished

Notes
Turn   | Place    | Note
-------+----------+-------------------------------------------
     0 | D:1      | Amnesiac the Spriggan Wanderer began the quest for the Orb.
     0 | D:1      | Amnesiac set off with: a wand of paralysis (15), a scroll of teleportation {!r}, a +0 robe, a +0 dagger, a ration
     0 | D:1      | Reached XP level 1. HP: 9/9 MP: 3/3
   143 | D:1      | Reached skill level 2 in Evocations
   223 | D:2      | Reached skill level 3 in Evocations
   223 | D:2      | Reached XP level 2. HP: 10/13 MP: 3/5
   732 | D:4      | Reached skill level 4 in Evocations
   732 | D:4      | Reached XP level 3. HP: 3/16 MP: 5/7
  1149 | D:4      | Noticed Blork the orc
  1152 | D:4      | Noticed Natasha
  1441 | D:4      | Killed Natasha
  1441 | D:4      | Reached XP level 4. HP: 21/21 MP: 8/8
  1462 | D:4      | Killed Blork the orc
  1468 | D:4      | Noticed Natasha
  1472 | D:4      | Killed Natasha
  1472 | D:4      | Reached XP level 5. HP: 24/24 MP: 9/9
  1529 | D:4      | Noticed Sigmund
  1590 | D:4      | Noticed a slave
  1590 | D:4      | Noticed a slave
  1591 | D:4      | Noticed a slave
  1592 | D:4      | Noticed Pikel
  1593 | D:4      | Noticed a slave
  1594 | D:4      | Killed Sigmund
  1594 | D:4      | Reached skill level 5 in Short Blades
  1594 | D:4      | Reached XP level 6. HP: 28/28 MP: 10/10
  1596 | D:4      | Noticed Natasha
  1671 | D:4      | Killed Pikel
  1671 | D:4      | Reached skill level 8 in Evocations
  1671 | D:4      | Reached XP level 7. HP: 11/32 MP: 10/14
  1746 | D:4      | Killed Natasha
  2120 | D:5      | Entered Level 5 of the Dungeon
  2286 | D:5      | Reached skill level 9 in Evocations
  2318 | D:5      | Reached XP level 8. HP: 34/36 MP: 16/16
  2750 | D:5      | Found an iron altar of Okawaru.
  3106 | D:5      | Found a stormy altar of Qazlal.
  3565 | D:6      | Noticed Edmund
  3571 | D:6      | Killed Edmund
  4303 | D:6      | Reached skill level 5 in Stealth
  4394 | D:6      | Slain by a hound

Vault maps used:
D:1:      roderic_crossed_star
D:2:      nicolae_ru_the_path_less_chosen
D:3:      minmay_misc_feat_tiny, st_stairs_11
D:4:      first_ration, uniq_sigmund, uniq_natasha, uniq_blork_the_orc,
          uniq_pikel
D:5:      nicolae_qazlal_general_emergency, okawaru_altar_gauntlet_db
D:6:      uniq_edmund

Skill      XL: |  1  2  3  4  5  6  7  8 |
---------------+-------------------------+-----
Evocations     | 3 4 8 9 |  9.4
Stealth        | 4 5 |  5.5
Short Blades   | 3 5 7 |  7.9
Spellcasting   | |  1.3
Hexes          | |  3.6
Transmutations | |  5.3

Action                   |  1- 3 |  4- 6 |  7- 9 || total
-------------------------+-------+-------+-------++-------
Melee: Dagger            |    58 |    19 |    33 ||   110
       Whip              |       |       |    89 ||    89
Evoke: Wand              |     5 |     6 |     8 ||    19
  Use: Potion            |     1 |       |       ||     1
 Stab: Sleeping          |     2 |       |     5 ||     7
       Paralysed         |     7 |     9 |     3 ||    19
  Eat: Ration            |       |       |     3 ||     3
Armor: Robe              |    11 |     1 |     6 ||    18
Dodge: Dodged            |    54 |     8 |    94 ||   156

Table legend:
 A = Spawn XP
 B = Non-spawn XP
 C = Spawn XP percentage of total XP
 D = Spawn monster count
 E = Non-spawn monster count
 F = Spawn count percentage of total count
 G = Total turns spent on level
                    A         B        C        D         E        F      G
               +---------+---------+-------+---------+---------+-------+---------
         Total |       0 |    2239 |   0.0 |       0 |      53 |   0.0 |  4394
               +---------+---------+-------+---------+---------+-------+---------
           D:1 |       0 |       5 |   0.0 |       0 |       3 |   0.0 |   432
           D:2 |       0 |      15 |   0.0 |       0 |       2 |   0.0 |    92
           D:3 |       0 |       3 |   0.0 |       0 |       2 |   0.0 |    76
           D:4 |       0 |    1254 |   0.0 |       0 |      16 |   0.0 |  1609
           D:5 |       0 |     353 |   0.0 |       0 |      16 |   0.0 |  1472
           D:6 |       0 |     609 |   0.0 |       0 |      14 |   0.0 |   713
               +---------+---------+-------+---------+---------+-------+---------
